 Dungeon Sprint DCSS version 0.28-a0-233-gb8ca4b6547 (webtiles) character file.

Game seed: 4816103702527018909

970 tbh1313 the Grappler (level 7, -18/67 HPs)
             Began as a Troll Fighter on Aug 23, 2021.
             Was an Elder of Jiyva.
             Demolished by a two-headed ogre (28 damage)
             ... in the Dungeon (Sprint III: "The Ten Rune Challenge").
             The game lasted 00:02:55 (339 turns).

tbh1313 the Grappler (Troll Fighter)                 Turns: 339, Time: 00:02:56

Health: -18/67     AC:  5    Str: 25    XL:     7   Next: 94%
Magic:  6/6        EV: 11    Int:  6    God:    Jiyva [****..]
Gold:   59         SH:  0    Dex:  9    Spells: 6/6 levels left

rFire   . . .      SeeInvis .     - Unarmed
rCold   . . .      Faith    .   (no shield)
rNeg    + . .      Spirit   .   j - +1 robe {rN+}
rPois   .          Reflect  .   (helmet restricted)
rElec   .          Harm     .   (no cloak)
rCorr   +          Rampage  .   (gloves unavailable)
Will    .....      NoTele   +   (boots unavailable)
Stlth   +.........              (no amulet)
HPRegen 1.21/turn               (no ring)
MPRegen 0.10/turn               (no ring)

@: no status effects
A: large, unfitting armour, claws 3, regeneration 1, shaggy fur 1, tough skin 1,
frail 1, MP-powered wands
a: Renounce Religion, Request Jelly, Slimify


You were in the Dungeon.
You worshipped Jiyva.
Jiyva was greatly pleased with you.
You visited 1 branch You collected 59 gold pieces.

Inventory:

Armour
 b - a +0 kite shield
 j - a +1 robe of positive energy (worn)
Wands
 a - a wand of iceblast (3)
Scrolls
 i - a scroll of blinking
 k - a scroll of torment {unknown}
 l - 3 scrolls of identify
 n - a scroll of holy word {unknown}
Potions
 c - 3 potions of might
 d - 2 potions of curing
 e - a potion of heal wounds
 f - a potion of haste
 g - 2 potions of magic
 h - a potion of berserk rage
 m - a potion of brilliance {unknown}
 o - 2 potions of flight


   Skills:
 + Level 6.1 Fighting
 + Level 5.4 Armour
 + Level 6.1 Dodging
 - Level 2.4 Shields
 * Level 12.8 Unarmed Combat


You had 6 spell levels left.
You didn't know any spells.
Your spell library contained the following spells:

 Spells                   Type           Power      Damage    Failure   Level
 Frozen Ramparts          Ice            0%         1d2       83%         3
 Ice Form                 Ice/Tmut       0%         N/A       99%         4
 Summon Ice Beast         Ice/Summ       0%         N/A       99%         4


Dungeon Overview and Level Annotations

Branches:
Dungeon (1/1)

Altars:
Cheibriados
Dithmenos
Elyvilon
Fedhas
Gozag
Hepliaklqana
Kikubaaqudgha
Makhleb
Nemelex Xobeh
Okawaru
Qazlal
Ru
Sif Muna
Trog
Uskayaw
Vehumet
Wu Jian
Xom
Yredelemnul
Zin
The Shining One
Beogh
Jiyva
Lugonu


Innate Abilities, Weirdness & Mutations

You are too large for most types of armour.
You have claws for hands.
Your natural rate of healing is unusually fast.
You are covered in fur. (AC +1)
You have tough skin. (AC +1)
You are frail. (-10% HP)
You expend magic power (3 MP) to strengthen your wands.


Message History

2 two-headed ogres come into view.
The two-headed ogre shouts in stereo!
You hear a distant slurping noise.
A two-headed ogre comes into view.
It is wielding a +0 giant spiked club and a +0 giant club.
You claw the two-headed ogre!
The two-headed ogre is moderately wounded.
You closely miss the two-headed ogre.
The two-headed ogre hits you with a +0 giant club!
The two-headed ogre barely misses you.
You claw the two-headed ogre!
The two-headed ogre is heavily wounded.
The two-headed ogre hits you with a +0 dire flail.
The two-headed ogre hits you with a +0 giant club!!
You mangle the two-headed ogre!!
You kill the two-headed ogre!
You mangle the two-headed ogre!!
The two-headed ogre is heavily wounded.
The two-headed ogre hits you with a +0 dire flail!
The two-headed ogre barely misses you.
You scratch the two-headed ogre but do no damage.
The two-headed ogre is heavily wounded.
The two-headed ogre barely misses you.
The two-headed ogre hits you with a +0 giant club!
You barely miss the two-headed ogre.
The two-headed ogre is heavily wounded.
You barely miss the two-headed ogre.
The two-headed ogre is heavily wounded.
The two-headed ogre barely misses you. The two-headed ogre closely misses you.
You barely miss the two-headed ogre.
The two-headed ogre is heavily wounded.
You hear a distant slurping noise.
You barely miss the two-headed ogre.
The two-headed ogre is heavily wounded.
The two-headed ogre hits you with a +0 dire flail!
* * * LOW HITPOINT WARNING * * *
The two-headed ogre barely misses you.
You claw the two-headed ogre!
The two-headed ogre is almost dead.
You hear a slurping noise.
The two-headed ogre hits you with a +0 dire flail!!
You die...

♣.###+#)###)##
♣.#..........#
♣.'.⌠........#
..#...######'#
..#.⌠.#__#...#+# ##
# ..#...#__#J..#..
.#O#
..#'###__#...##.#..
..#.))#__#...'##O#
..#___#__'...#.J@#
▓▓▓▓▓▓▓▓▓▓▓▓▓▓▓▓▓▓


You could see a two-headed ogre and a neutral jelly (wandering) (fellow slime).

Levels and vault maps discovered:
D:        dungeon_sprint_mu [sprint_mu_entry_forest, sprint_mu_temple_rooms,
          sprint_mu_d1_spiders, sprint_mu_d2_genie, sprint_mu_d3_branching,
          sprint_mu_orc_legion, sprint_mu_elf_gauntlet, sprint_mu_hive_nellie,
          sprint_mu_lair_fedhas, sprint_mu_vaults_butterflies,
          sprint_mu_slime_circle, sprint_mu_swamp_cave, sprint_mu_snake_twists,
          sprint_mu_blade_basic, sprint_mu_crypt_lich, sprint_mu_tomb_spiral,
          sprint_mu_vestibule_basic, sprint_mu_gehenna_hellfire,
          sprint_mu_dis_giant, sprint_mu_tartarus_statrot,
          sprint_mu_cocytus_islands, sprint_mu_zot1]

Notes
Turn   | Place    | Note
-------+----------+-------------------------------------------
     0 | D        | tbh1313 the Troll Fighter began the quest for the Orb.
     0 | D        | Reached XP level 1. HP: 22/22 MP: 0/0
     6 | D        | Reached skill level 3 in Unarmed Combat
    12 | D        | Noticed Jessica
    24 | D        | Killed Jessica
    25 | D        | Reached skill level 6 in Unarmed Combat
    25 | D        | Reached XP level 2. HP: 9/29 MP: 1/1
    51 | D        | Noticed a scorpion
    64 | D        | Killed a scorpion
    65 | D        | Reached skill level 8 in Unarmed Combat
    65 | D        | Reached XP level 3. HP: 14/36 MP: 2/2
    65 | D        | Reached XP level 4. HP: 17/44 MP: 3/3
   123 | D        | Gained mutation: You are partially covered in iridescent
                  | scales. (AC +2) [potion of mutation]
   124 | D        | Lost mutation: You are partially covered in iridescent
                  | scales. (AC +2) [potion of mutation]
   124 | D        | Gained mutation: You expend magic power (3 MP) to
                  | strengthen your wands. [potion of mutation]
   124 | D        | Gained mutation: You are agile. (Dex +2) [potion of
                  | mutation]
   152 | D        | Reached skill level 9 in Unarmed Combat
   157 | D        | Noticed a water elemental
   165 | D        | Killed a water elemental
   166 | D        | Reached skill level 1 in Armour
   166 | D        | Reached XP level 5. HP: 45/53 MP: 4/4
   178 | D        | Found a radiant altar of Vehumet.
   178 | D        | Found a shimmering blue altar of Sif Muna.
   178 | D        | Found an ancient bone altar of Kikubaaqudgha.
   181 | D        | Reached skill level 10 in Unarmed Combat
   194 | D        | Found a glowing silver altar of Zin.
   194 | D        | Found a glowing golden altar of the Shining One.
   194 | D        | Found a white marble altar of Elyvilon.
   198 | D        | Found a hide-covered altar of Uskayaw.
   198 | D        | Found an iron altar of Okawaru.
   198 | D        | Found a bloodstained altar of Trog.
   198 | D        | Found an ornate altar of the Wu Jian Council.
   198 | D        | Noticed a human
   199 | D        | Noticed a human
   201 | D        | Killed a human
   202 | D        | Reached skill level 11 in Unarmed Combat
   202 | D        | Reached XP level 6. HP: 63/63 MP: 5/5
   208 | D        | Killed a human
   209 | D        | Reached skill level 5 in Fighting
   209 | D        | Reached skill level 5 in Dodging
   233 | D        | Found a basalt altar of Yredelemnul.
   233 | D        | Found a shadowy altar of Dithmenos.
   233 | D        | Found a sacrificial altar of Ru.
   240 | D        | Reached XP level 7. HP: 70/72 MP: 6/6
   247 | D        | Noticed a shadow
   251 | D        | Killed a shadow
   252 | D        | Reached skill level 5 in Armour
   252 | D        | Reached skill level 12 in Unarmed Combat
   277 | D        | Found a blossoming altar of Fedhas.
   277 | D        | Found a stormy altar of Qazlal.
   278 | D        | Found a snail-covered altar of Cheibriados.
   278 | D        | Found a burning altar of Makhleb.
   278 | D        | Found a hazy altar of Hepliaklqana.
   278 | D        | Found a shimmering altar of Xom.
   278 | D        | Found an opulent altar of Gozag.
   278 | D        | Found a sparkling altar of Nemelex Xobeh.
   278 | D        | Found a corrupted altar of Lugonu.
   278 | D        | Found a viscous altar of Jiyva.
   278 | D        | Noticed a spatial vortex
   289 | D        | Killed a spatial vortex
   315 | D        | Became a worshipper of Jiyva Jiocuzon the Shapeless
   315 | D        | Reached * piety under Jiyva
   316 | D        | Reached ** piety under Jiyva
   318 | D        | Killed a manticore
   319 | D        | Reached *** piety under Jiyva
   319 | D        | Lost mutation: You are agile. (Dex +2) [Jiyva's grace]
   321 | D        | Reached **** piety under Jiyva
   321 | D        | Gained mutation: You are frail. (-10% HP) [Jiyva's grace]
   333 | D        | Killed a slime creature
   339 | D        | Demolished by a two-headed ogre

Table legend: (Time is in decaauts)
 A = Elapsed time spent in this place.
 B = Non-inter-level travel time spent in this place.
 C = Inter-level travel time spent in this place.
 D = Time resting spent in this place.
 E = Time spent auto-exploring this place.
 F = Levels seen in this place.
 G = Mean time per level.
                   A        B        C        D        E       F      G
               +--------+--------+--------+--------+--------+-----+--------+
         Total |    333 |    333 |      0 |     77 |     19 |   1 |  333.0 |
       Dungeon |    333 |    333 |      0 |     77 |     19 |   1 |  333.0 |
               +--------+--------+--------+--------+--------+-----+--------+

Top non-repeatable levels by time:
       D: 333 daAuts

Table legend:
 A = Kills in this place as a percentage of kills in entire the game.
 B = Kills by you in this place as a percentage of kills by you in the entire game.
 C = Kills by friends in this place as a percentage of kills by friends in the entire game.
 D = Other kills in this place as a percentage of other kills in the entire game.
 E = Experience gained in this place as a percentage of experience gained in the entire game.
 F = Experience gained in this place divided by the number of levels of this place that you have seen.
                   A       B       C       D       E      F
               +-------+-------+-------+-------+-------+----------------------
         Total | 100.0 | 100.0 |   N/A |   N/A | 100.0 | 1387.0
       Dungeon | 100.0 | 100.0 |   N/A |   N/A | 100.0 | 1387.0
               +-------+-------+-------+-------+-------+----------------------

Action                   |  1- 3 |  4- 6 |  7- 9 || total
-------------------------+-------+-------+-------++-------
Melee: Unarmed           |    20 |    34 |    22 ||    76
       Punch             |       |     2 |     1 ||     3
  Use: Potion            |       |     2 |       ||     2
 Stab: Sleeping          |       |     1 |       ||     1
Armor: Robe              |     2 |     4 |       ||     6
Dodge: Dodged            |     6 |    10 |     8 ||    24
Block: Kite shield       |     3 |       |       ||     3

Vanquished Creatures
  A shadow (D)
  A spatial vortex (D)
  A necrophage (D)
  A two-headed ogre (D)
  A water elemental (D)
  A scorpion (D)
  A jelly (D)
  Jessica (D)
  A wizard (D)
  A necromancer (D)
  3 humans (D)
  A kobold demonologist (D)
  An endoplasm (D)
  A rat (D)
16 creatures vanquished.

Vanquished Creatures (others)
  A manticore (shapeshifter) (D)
  A slime creature (D)
  3 plants (D)
5 creatures vanquished.

Grand Total: 21 creatures vanquished
